 Dungeon Crawl Stone Soup version 0.19.0-24-gb05acd6 (webtiles) character file.

156516 AAAAA the Fencer (level 17, -18/144 HPs)
             Began as a Minotaur Venom Mage on Nov 22, 2016.
             Was the Champion of Okawaru.
             Killed from afar by a nagaraja (34 damage)
             ... with a bolt of poison
             ... on level 4 of the Snake Pit.
             The game lasted 01:35:09 (39598 turns).

AAAAA the Fencer (Minotaur Venom Mage)             Turns: 39598, Time: 01:35:12

Health: -18/144    AC: 22    Str: 19    XL:     17   Next: 10%
Magic:  0/29       EV: 22    Int: 12    God:    Okawaru [******]
Gold:   2410       SH:  0    Dex: 14    Spells: 3 memorised, 22 levels left

rFire  + . .     SeeInvis .     m - +3 triple sword (vamp)
rCold  + . .     Gourm    .     N - +4 moon troll leather armour {Spirit, Regen++ MP+5}
rNeg   + . .     Faith    +     (shield currently unavailable)
rPois  .         Spirit   +     (helmet restricted)
rElec  .         Reflect  .     q - +1 cloak of Listlessness {rCorr}
rCorr  +         Harm     .     s - +0 pair of gloves of Atheism {rN+}
MR     +....                    A - +2 pair of boots {Stlth+}
Stlth  +++++.....               H - amulet of faith
                                U - ring of protection from fire
                                v - ring of protection from cold

@: lethally poisoned (-18 -> -21), heroism, constricted, repel missiles
A: retaliatory headbutt, horns 2, iridescent scales 1, camouflage 1, agile 1
a: Heroism, Finesse, Renounce Religion


You were on level 4 of the Snake Pit.
You worshipped Okawaru.
Okawaru was exalted by your worship.
You were not hungry.

You visited 6 branches of the dungeon, and saw 29 of its levels.
You visited the Abyss 1 time.
You also visited: Labyrinth, Sewer and Bailey.

You collected 3667 gold pieces.
You spent 1257 gold pieces at shops.

Inventory:

Hand Weapons
 a - a +9 great sword of holy wrath
 m - a +3 vampiric triple sword (weapon)
 z - a +0 blowgun
 I - a +4 great sword of electrocution
Missiles
 x - 2 throwing nets (quivered)
 K - 71 poisoned needles
Armour
 f - the +9 crystal plate armour of the Hippo {Str+5}
   (Okawaru gifted it to you on level 12 of the Dungeon)

   It affects your strength (+5).
 q - the +1 cloak of Listlessness (worn) {rCorr}
   (You acquired it on level 10 of the Dungeon)

   It protects you from acid and corrosion.
 s - the +0 pair of gloves of Atheism (worn) {rN+}
   (Okawaru gifted it to you on level 2 of the Lair of Beasts)

   It protects you from negative energy.
 A - a +2 pair of boots of stealth (worn)
 N - the +4 moon troll leather armour (worn) {Spirit, Regen++ MP+5}
   (You took it off a boggart on level 14 of the Dungeon)

   It affects your magic capacity (+5).
   It increases your rate of regeneration.
 Y - the +7 Kryia's mail coat {DeviceHeal*2 rC+}
   (Okawaru gifted it to you on level 10 of the Dungeon)

   It protects you from cold.
Jewellery
 v - a ring of protection from cold (left hand)
 H - an amulet of faith (around neck)
 S - an uncursed ring of flight
 U - a ring of protection from fire (right hand)
 X - an uncursed ring of protection from fire
 Z - an uncursed ring of positive energy
Wands
 r - a wand of disintegration (16/24)
 u - a wand of hasting (3/9)
 C - a wand of digging (8/24)
 Q - a wand of teleportation (3/9)
Scrolls
 b - 2 scrolls of holy word
 d - a scroll of summoning
 g - 7 scrolls of teleportation
 l - 5 scrolls of recharging
 p - 3 scrolls of fog
 t - 5 scrolls of immolation
 w - 9 scrolls of remove curse
 y - a scroll of brand weapon
 E - 7 scrolls of enchant armour
 F - a scroll of blinking
 G - 2 scrolls of fear
 T - 5 scrolls of magic mapping
Potions
 e - a potion of cure mutation
 h - 8 potions of haste
 i - 4 potions of heal wounds
 k - 4 potions of resistance
 n - 6 potions of invisibility
 o - 6 potions of flight
 B - 2 potions of berserk rage
 D - 9 potions of magic
 J - 3 potions of might
 M - 4 potions of ambrosia
 P - 2 potions of cancellation
 R - 6 potions of agility
 V - 2 potions of brilliance
 W - 9 potions of curing
Comestibles
 c - 11 bread rations
 j - 16 meat rations
 L - 2 royal jellies
 O - 9 fruits


   Skills:
 - Level 11.5(16.5) Fighting
 - Level 20.0(25.0) Long Blades
 - Level 16.9(21.9) Armour
 - Level 14.1(19.1) Dodging
 - Level 1.5(6.5) Stealth
 + Level 5.7 Spellcasting
 - Level 3.6 Charms
 + Level 3.8 Translocations
 - Level 4.2 Air Magic
 - Level 2.9 Poison Magic
 - Level 6.2 Invocations


You had 22 spell levels left.
You knew the following spells:

 Your Spells              Type           Power        Failure   Level  Hunger
a - Sting                 Conj/Pois      #...         14%         1    None
b - Repel Missiles        Chrm/Air       ##....       10%         2    ##.....
c - Blink                 Tloc           N/A          10%         2    ##.....


Dungeon Overview and Level Annotations

Branches:
Dungeon (15/15)            Temple (1/1) D:4            Lair (6/6) D:9
 Shoals (0/4) Lair:3        Snake (4/4) Lair:4        Slime (0/5) Lair:5
    Orc (2/2) D:9             Elf (0/3) Orc:2        Vaults (0/5) D:13
 Depths (1/5) D:15

Altars:
Elyvilon
Gozag
Hepliaklqana
Kikubaaqudgha
Makhleb
Nemelex Xobeh
Okawaru
Ru
Vehumet
Xom
Yredelemnul
Jiyva

Shops:
D:4 }   D:12 *   Orc:2 ([!!   Snake:2 (   Snake:3 [

Portals:
Hell: Depths:1


Innate Abilities, Weirdness & Mutations

You reflexively headbutt those who attack you in melee.
You have a pair of horns on your head.
You are partially covered in iridescent scales. (AC +2)
Your skin changes colour to match your surroundings (Stealth+).
You are agile. (Dex +2)


Message History

You hit the nagaraja but do no damage.
The nagaraja is moderately wounded.
The nagaraja hits you with a flail of protection!
* * * LOW HITPOINT WARNING * * *
x2 The nagaraja constricts you.
You slice the nagaraja!!
You feel better.
You headbutt the nagaraja.
The nagaraja is heavily wounded.
You feel sick.
You barely miss the nagaraja. Your headbutt misses the nagaraja.
The nagaraja is heavily wounded.
The nagaraja hits you with a flail of protection!
* * * LOW HITPOINT WARNING * * *
The nagaraja constricts you.
You hit the nagaraja but do no damage. You headbutt the nagaraja!
The nagaraja is severely wounded.
You feel sick. The nagaraja casts a spell at you. The bolt of poison hits you!
You are more poisoned.
You die...

.......................
........................
.......................
#.....................
##.....................
#......................
+....).................
+....N@(...............
+........#...........##
#........#.....##......
##........#...####.....
#...........## #.....
...........(.# ##.....
............### #.#....
.........#..# #####.. ##
###


You could see a nagaraja.

Vanquished Creatures
  Bai Suzhen (Snake:3)
  A tentacled starspawn (Abyss:2)
  2 stone giants (Depths:1)
  An ettin (shapeshifter) (D:15)
  An ettin (D:14)
  4 fire dragons
  An ogre mage (Depths:1)
  A merfolk impaler (Depths:1)
  A naga warrior (Snake:3)
  A minotaur (Lab)
  Erolcha (D:11)
  A rakshasa (Depths:1)
  The ghost of Kloppie the Impaler, a journeyman MfBe of Trog (D:11)
  12 hydras
  5 anacondas
  A catoblepas (Lair:5)
  4 centaur warriors
  2 vampire magi (Depths:1)
  A death knight (D:12)
  3 naga sharpshooters
  6 death yaks (Lair:6)
  3 orc high priests (Orc:2)
  3 tengu warriors (D:15)
  Urug (Lair:4)
  4 thrashing horrors (Abyss:2)
  3 hell knights
  A shock serpent (Snake:2)
  3 deep elf knights
  Nergalle (Orc:1)
  3 wretched stars (Abyss:2)
  2 spatial maelstroms (Abyss:2)
  2 wizards
  A flayed ghost (Abyss:2)
  3 naga ritualists
  A deep elf archer (D:14)
  A lindwurm (Lair:6)
  9 hill giants
  An obsidian statue (D:14)
  5 deep elf magi
  2 necromancers (Depths:1)
  4 oklob plants (Lair:2)
  Pikel (D:6)
  7 orc knights
  A wolf spider (shapeshifter) (D:15)
  5 orc sorcerers
  2 wolf spiders (D:14)
  2 ugly things
  3 manticores
  7 mana vipers
  3 salamanders
  7 cyclopes
  4 centaur zombies
  2 apocalypse crabs (Abyss:2)
  15 black mambas
  A stone giant skeleton (Abyss:2)
  10 naga magi
  12 elephants
  7 torpor snails
  8 smoke demons (Abyss:2)
  2 gargoyles (D:14)
  10 spiny frogs
  2 kobold demonologists (D:14)
  2 komodo dragons (Lair:6)
  3 rime drakes
  3 yaktaurs (Depths:1)
  An efreet (D:14)
  A tengu conjurer (Depths:1)
  5 trolls
  2 ancient zymes (Abyss:2)
  A queen bee (Lair:2)
  A minotaur zombie (Lab)
  4 hellwings (Abyss:2)
  6 hornets (Lair:6)
  4 two-headed ogres
  8 blink frogs
  4 tyrant leeches (Lair:6)
  11 raiju (Abyss:2)
  14 slime creatures
  17 dream sheep
  12 hippogriffs
  4 shadows
  Sigmund (D:2)
  2 centaur simulacra
  4 wraiths
  6 flying skulls (Abyss:2)
  8 water elementals (Depths:1)
  A redback (D:14)
  8 wyverns
  A vampire (D:14)
  4 hogs (D:8)
  33 yaks
  4 basilisks
  A human (D:8)
  6 hungry ghosts
  Eustachio (D:4)
  A steam dragon (Lair:2)
  2 neqoxecs (Abyss:2)
  4 mottled dragons
  A warg (Orc:1)
  14 nagas
  A soldier ant (D:11)
  11 water moccasins
  3 large abominations (Abyss:2)
  Duvessa (D:5)
  2 hell hounds (D:9)
  8 porcupines
  5 ice beasts
  3 sky beasts
  3 slaves (D:6)
  3 black bears
  33 orc warriors
  An eye of draining (D:12)
  2 phantoms (D:11)
  7 starcursed masses (Abyss:2)
  7 ogres
  A wolf (shapeshifter) (Depths:1)
  A boggart (D:14)
  8 wolves
  15 centaurs
  8 crocodiles
  17 big kobolds
  4 small abominations (Abyss:2)
  17 bullfrogs
  Dowan (D:5)
  A scorpion (shapeshifter) (D:15)
  3 wyvern skeletons
  2 scorpions
  41 killer bees
  5 wights (D:6)
  3 howler monkeys
  11 crimson imps
  11 hounds
  A quasit (D:14)
  Crazy Yiuf (D:3)
  3 bullfrog zombies (D:12)
  14 orc priests
  8 jellies
  2 bullfrog skeletons
  6 centaur skeletons
  25 orc wizards
  2 iguanas (D:8)
  Terence (D:2)
  Natasha (thrice) (D:2)
  10 worker ants
  A hound zombie (D:10)
  A worker ant zombie (D:11)
  6 gnolls
  A howler monkey skeleton (D:6)
  3 river rats (Sewer)
  16 adders
  6 shadow imps
  A white imp (D:14)
  2 ufetubi
  8 oozes
  An adder zombie (D:5)
  An adder skeleton (D:4)
  5 worms
  5 leopard geckos
  86 orcs
  7 ball pythons
  6 bats
  8 giant cockroaches
  7 goblins
  10 hobgoblins
  9 jackals
  7 quokkas
  A ball python skeleton (D:6)
  4 frilled lizards
  38 kobolds
  A leopard gecko zombie (D:8)
  6 rats
  2 bushes (D:14)
  A starspawn tentacle (Abyss:2)
985 creatures vanquished.

Vanquished Creatures (others)
  A tentacled starspawn (Abyss:2)
  A wretched star (Abyss:2)
  An ancient zyme (Abyss:2)
  A sky beast (Abyss:2)
  4 bushes
  30 fungi
  25 plants
  A starspawn tentacle (Abyss:2)
64 creatures vanquished.

Grand Total: 1049 creatures vanquished

Notes
Turn   | Place    | Note
-------+----------+-------------------------------------------
     0 | D:1      | AAAAA the Minotaur Venom Mage began the quest for the Orb.
     0 | D:1      | Reached XP level 1. HP: 14/14 MP: 1/1
   116 | D:1      | Reached skill level 1 in Fighting
   286 | D:1      | Reached XP level 2. HP: 14/24 MP: 3/3
   824 | D:1      | You fall through a shaft!
   849 | D:2      | Reached XP level 3. HP: 31/31 MP: 2/4
   972 | D:2      | Noticed Terence
  1044 | D:2      | Killed Terence
  1270 | D:2      | Reached XP level 4. HP: 33/41 MP: 2/5
  1511 | D:2      | Noticed Natasha
  1518 | D:2      | Killed Natasha
  1518 | D:2      | Reached skill level 5 in Fighting
  1535 | D:2      | Noticed Sigmund
  1851 | D:3      | Found a basalt altar of Yredelemnul.
  1886 | D:3      | Found a faded altar of an unknown god.
  1899 | D:3      | Became a worshipper of Warmaster Okawaru
  1899 | D:3      | Reached * piety under Okawaru
  1993 | D:3      | Found a runed door.
  2180 | D:3      | Reached XP level 5. HP: 22/50 MP: 6/6
  2515 | D:3      | Found a white marble altar of Elyvilon.
  2631 | D:3      | Noticed Crazy Yiuf
  2697 | D:3      | Killed Crazy Yiuf
  2817 | D:2      | Noticed Natasha
  2823 | D:2      | Killed Natasha
  2823 | D:2      | Reached XP level 6. HP: 42/60 MP: 7/7
  2899 | D:2      | Killed Sigmund
  2899 | D:2      | Reached ** piety under Okawaru
  2900 | D:2      | Noticed Natasha
  2909 | D:2      | Killed Natasha
  3640 | D:4      | Reached XP level 7. HP: 59/69 MP: 8/8
  3714 | D:4      | Found a staircase to the Ecumenical Temple.
  3728 | D:4      | Noticed Eustachio
  3881 | D:4      | Killed Eustachio
  4027 | D:4      | HP: 1/71 [gnoll/spear (5)]
  4099 | D:4      | Found Delil's Gadget Emporium.
  4103 | Temple   | Entered the Ecumenical Temple
  4561 | D:4      | Found a burning altar of Makhleb.
  4561 | D:4      | Noticed a balrug
  4636 | D:4      | Reached skill level 10 in Fighting
  4682 | D:5      | Entered Level 5 of the Dungeon
  4717 | D:5      | Reached skill level 1 in Long Blades
  4819 | D:5      | Reached *** piety under Okawaru
  4883 | D:5      | Found a glowing drain.
  4889 | D:5      | Reached skill level 2 in Long Blades
  4930 | Sewer    | Entered a sewer
  5130 | Sewer    | Reached skill level 3 in Long Blades
  5155 | Sewer    | Reached skill level 4 in Long Blades
  5155 | Sewer    | Reached XP level 8. HP: 58/79 MP: 9/9
  5213 | Sewer    | Reached skill level 5 in Long Blades
  5382 | Sewer    | Reached skill level 6 in Long Blades
  6003 | D:5      | Reached skill level 7 in Long Blades
  6016 | D:5      | Found a shimmering altar of Xom.
  6018 | D:5      | Found a hazy altar of Hepliaklqana.
  6022 | D:5      | Found a burning altar of Makhleb.
  6027 | D:5      | Found a radiant altar of Vehumet.
  6029 | D:5      | Found an ancient bone altar of Kikubaaqudgha.
  6579 | D:6      | Noticed Dowan
  6581 | D:6      | Noticed Duvessa
  7341 | D:5      | Killed Duvessa
  7341 | D:5      | Reached **** piety under Okawaru
  7341 | D:5      | Reached skill level 8 in Long Blades
  7343 | D:5      | Killed Dowan
  7540 | D:5      | Reached skill level 9 in Long Blades
  7721 | D:6      | Reached XP level 9. HP: 19/85 MP: 7/10
  8335 | D:6      | Reached skill level 10 in Long Blades
  8829 | D:6      | Noticed Pikel
  8849 | D:6      | Killed Pikel
  8849 | D:6      | Reached ***** piety under Okawaru
  8849 | D:6      | Reached skill level 11 in Long Blades
  9160 | D:7      | Found a sparkling altar of Nemelex Xobeh.
  9187 | D:7      | Reached skill level 12 in Long Blades
  9543 | D:6      | Received a gift from Okawaru
  9546 | D:6      | Got a fine shortbow {god gift}
  9721 | D:6      | Identified the +5 shortbow of AAAAA's Integrity {velocity, rC++ rN+ MR- Stlth+} (Okawaru gifted it to you on level 6 of the Dungeon)
 10158 | D:7      | Reached skill level 13 in Long Blades
 10541 | D:8      | Found an opulent altar of Gozag.
 10576 | D:8      | Reached XP level 10. HP: 88/93 MP: 11/11
 10703 | D:8      | Reached skill level 14 in Long Blades
 10708 | D:8      | Reached skill level 1 in Armour
 11469 | D:8      | Received a gift from Okawaru
 11476 | D:8      | Reached skill level 5 in Armour
 11802 | D:9      | Found a staircase to the Lair.
 11928 | D:9      | Found a staircase to the Orcish Mines.
 12817 | D:10     | Entered Level 10 of the Dungeon
 13455 | D:10     | Noticed a hill giant
 13464 | D:10     | Killed a hill giant
 13469 | D:10     | Got a fine scale mail
 13496 | D:10     | Identified the +7 scale mail of the Slightly Bent {+Blink Str+3 Int-5} (You found it on level 10 of the Dungeon)
 13541 | D:10     | Reached XP level 11. HP: 68/99 MP: 12/12
 13568 | D:10     | Received a gift from Okawaru
 13665 | D:10     | Reached skill level 10 in Armour
 13716 | D:10     | Identified a scroll of acquirement
 13717 | D:10     | Got a translucent cloak
 13728 | D:10     | Identified the +1 cloak of Listlessness {rCorr} (You acquired it on level 10 of the Dungeon)
 13954 | Lair:1   | Entered Level 1 of the Lair of Beasts
 14685 | Lair:1   | Reached ****** piety under Okawaru
 15031 | Lair:2   | Found a labyrinth entrance.
 15129 | Lab      | Entered a labyrinth
 15398 | Lab      | Noticed a minotaur
 15405 | Lab      | Killed a minotaur
 15436 | Lab      | Identified Peifeen's Papyrus of Venomous Ignition
 15506 | Lab      | Got a spiked cloak
 15517 | Lab      | Identified the +0 cloak of the Evening {Str+2 Int+2} (You acquired it in a labyrinth)
 15755 | Lair:2   | Received a gift from Okawaru
 15766 | Lair:2   | Got a pair of spiked gloves {god gift}
 15772 | Lair:2   | Identified the +0 pair of gloves of Atheism {rN+} (Okawaru gifted it to you on level 2 of the Lair of Beasts)
 15852 | Lair:1   | Reached skill level 1 in Invocations
 16370 | Lair:2   | Reached XP level 12. HP: 97/106 MP: 13/13
 16478 | Lair:2   | Reached skill level 5 in Invocations
 16482 | Lair:2   | HP: 4/106 [porcupine (4)]
 18419 | Lair:2   | Received a gift from Okawaru
 18419 | Lair:2   | Reached skill level 15 in Armour
 18700 | Lair:2   | Got a polished scale mail {god gift}
 18711 | Lair:2   | Identified the +2 scale mail of Lemed {Int+6 Dex+6} (Okawaru gifted it to you on level 2 of the Lair of Beasts)
 18784 | Lair:2   | Noticed a five-headed hydra
 18791 | Lair:2   | Killed a five-headed hydra
 19504 | Lair:3   | Noticed a six-headed hydra
 19802 | Lair:3   | Found a staircase to the Shoals.
 19805 | Lair:3   | Noticed a five-headed hydra
 19841 | Lair:3   | Killed a one-headed hydra
 19841 | Lair:3   | HP: 2/106 [wolf (9)]
 20242 | Lair:3   | Killed a one-headed hydra
 20462 | Lair:3   | Noticed a five-headed hydra
 20493 | Lair:3   | Killed a one-headed hydra
 20518 | Lair:3   | Noticed Urug
 20527 | Lair:3   | HP: 1/106 [Urug/demon trident of electrocution (17)]
 21066 | Lair:3   | Noticed a five-headed hydra
 21083 | Lair:3   | Killed a one-headed hydra
 21083 | Lair:3   | Reached XP level 13. HP: 83/113 MP: 14/16
 22072 | Lair:4   | Found a staircase to the Snake Pit.
 22128 | Lair:4   | Reached skill level 5 in Dodging
 22237 | Lair:4   | Killed Urug
 22575 | Lair:4   | Gained mutation: You are agile. (Dex +2) [potion of beneficial mutation]
 22576 | Lair:4   | Gained mutation: You are partially covered in iridescent scales. (AC +2) [potion of beneficial mutation]
 23240 | Lair:5   | Received a gift from Okawaru
 23823 | Lair:5   | Found a runed door.
 23823 | Lair:5   | Found a viscous altar of Jiyva.
 23823 | Lair:5   | Found a staircase to the Slime Pits.
 24182 | Lair:6   | Entered Level 6 of the Lair of Beasts
 24271 | Lair:6   | Reached skill level 10 in Dodging
 24872 | Lair:6   | Received a gift from Okawaru
 24875 | Lair:6   | Got a polished double sword {god gift}
 24876 | Lair:6   | Identified the +1 double sword of the Slime-mould {venom, -Tele Str-3 Int+2 Dex+8} (Okawaru gifted it to you on level 6 of the Lair of Beasts)
 25400 | Lair:6   | Reached XP level 14. HP: 38/121 MP: 13/17
 25899 | Lair:6   | Received a gift from Okawaru
 25900 | Lair:6   | Found a runed door.
 25911 | Lair:6   | Got a bloodstained plate armour {god gift}
 25990 | Lair:6   | Identified the +4 plate armour "Fozustud" {rElec rPois Str-4 Stlth+} (Okawaru gifted it to you on level 6 of the Lair of Beasts)
 27102 | Orc:1    | Entered Level 1 of the Orcish Mines
 27102 | Orc:1    | Noticed Nergalle
 27119 | Orc:1    | Killed Nergalle
 27329 | Orc:2    | Entered Level 2 of the Orcish Mines
 27759 | Orc:2    | Found a staircase to the Elven Halls.
 28014 | Orc:2    | Found Osasel's Distillery.
 28857 | Orc:2    | Reached skill level 15 in Long Blades
 29022 | Orc:1    | Received a gift from Okawaru
 29499 | Orc:2    | Found Ifeif's Armour Boutique.
 29505 | Orc:2    | Found Dupsaus's Antique Weapon Boutique.
 29507 | Orc:2    | Found Aggyufiw's Distillery.
 29515 | Orc:2    | Bought a potion of heal wounds for 70 gold pieces
 29515 | Orc:2    | Bought a potion of magic for 112 gold pieces
 29515 | Orc:2    | Bought a potion of curing for 42 gold pieces
 29515 | Orc:2    | Bought 2 potions of curing for 84 gold pieces
 29515 | Orc:2    | Bought a potion of heal wounds for 70 gold pieces
 29529 | Orc:2    | Bought a potion of curing for 39 gold pieces
 29529 | Orc:2    | Bought a potion of curing for 39 gold pieces
 29529 | Orc:2    | Bought a potion of heal wounds for 65 gold pieces
 29529 | Orc:2    | Bought a potion of ambrosia for 104 gold pieces
 29555 | Orc:2    | Bought a potion of resistance for 140 gold pieces
 29555 | Orc:2    | Bought 2 potions of ambrosia for 224 gold pieces
 29555 | Orc:2    | Bought a potion of cancellation for 112 gold pieces
 29679 | D:11     | Noticed Erolcha
 29693 | D:11     | Killed Erolcha
 29878 | D:11     | Gained mutation: You are robust. (+10% HP) [potion of mutation]
 29878 | D:11     | Gained mutation: Your skin changes colour to match your surroundings (Stealth+). [potion of mutation]
 29900 | D:11     | Noticed Kloppie's ghost (journeyman MfBe)
 29907 | D:11     | Killed Kloppie's ghost
 30114 | D:11     | Reached skill level 16 in Long Blades
 30456 | D:12     | Found Moxigh's General Store.
 30464 | D:12     | Bought a scroll of teleportation for 39 gold pieces
 30464 | D:12     | Bought a bread ration for 65 gold pieces
 30464 | D:12     | Bought a potion of agility for 52 gold pieces
 30609 | D:12     | Received a gift from Okawaru
 30628 | D:12     | Identified the +9 crystal plate armour of the Hippo {Str+5} (Okawaru gifted it to you on level 12 of the Dungeon)
 31070 | D:12     | Reached XP level 15. HP: 138/138 MP: 18/18
 31124 | D:12     | Reached skill level 17 in Long Blades
 31470 | D:13     | Found a flagged portal.
 31498 | Bailey   | Entered a bailey
 31770 | Bailey   | Got a polished bardiche
 31775 | Bailey   | Identified the cursed +0 bardiche "Coetz" {vamp, Dex+6} (You found it in a bailey)
 32663 | D:13     | Found a gate to the Vaults.
 33010 | D:14     | Reached skill level 18 in Long Blades
 33287 | D:14     | Found a sacrificial altar of Ru.
 33292 | D:14     | Received a gift from Okawaru
 33321 | D:14     | Found a runed door.
 33716 | D:14     | Learned a level 2 spell: Repel Missiles
 33719 | D:14     | Learned a level 2 spell: Blink
 34132 | D:14     | Received a gift from Okawaru
 34132 | D:14     | Reached skill level 19 in Long Blades
 34404 | D:15     | Entered Level 15 of the Dungeon
 34510 | D:15     | Cast into level 2 of the Abyss (tengu warrior)
 34845 | Abyss:2  | Killed a tentacled starspawn
 34850 | Abyss:2  | Lost mutation: You are robust. (+10% HP) [a neqoxec]
 34889 | Abyss:2  | Reached skill level 20 in Long Blades
 35104 | Abyss:2  | Noticed a tentacled starspawn
 35116 | Abyss:2  | Killed a tentacled starspawn
 35116 | Abyss:2  | Reached XP level 16. HP: 80/137 MP: 14/19
 35265 | D:15     | Escaped the Abyss
 35269 | D:15     | Received a gift from Okawaru
 35298 | D:15     | Reached skill level 1 in Charms
 35298 | D:15     | Reached skill level 1 in Air Magic
 35316 | D:15     | Found a staircase to the Depths.
 35969 | Depths:1 | Entered Level 1 of the Depths
 36377 | Depths:1 | Found a gateway to Hell.
 36559 | Depths:1 | Received a gift from Okawaru
 37225 | Snake:1  | Entered Level 1 of the Snake Pit
 37589 | Snake:1  | Reached skill level 1 in Translocations
 38042 | Snake:2  | Received a gift from Okawaru
 38192 | Snake:2  | Found Bekuac's Weapon Boutique.
 38703 | Snake:3  | Found Azub's Armour Shoppe.
 38767 | Snake:3  | Received a gift from Okawaru
 38790 | Snake:3  | Reached skill level 5 in Spellcasting
 38793 | Snake:3  | Received a gift from Okawaru
 39054 | Snake:3  | Got a translucent scale mail
 39065 | Snake:3  | Identified the +5 scale mail of Vehumet's Approval {Str+2 Int-4 Stlth+} (You found it on level 3 of the Snake Pit)
 39154 | Snake:3  | Noticed Bai Suzhen
 39193 | Snake:3  | Killed Bai Suzhen
 39193 | Snake:3  | Reached XP level 17. HP: 56/144 MP: 3/24
 39500 | Snake:4  | Entered Level 4 of the Snake Pit
 39598 | Snake:4  | Killed from afar by a nagaraja

Skill      XL: |  1  2  3  4  5  6  7  8  9 10 11 12 13 14 15 16 |
---------------+-------------------------------------------------+-----
Fighting       | 2 3 4 6 7 8 10 11 | 11.5
Long Blades    | 4 9 13 14 16 20 | 20.0
Armour         | 9 13 16 | 16.9
Invocations    | 3 6 |  6.2
Dodging        | 3 12 14 | 14.1
Charms         | 3 |  3.6
Air Magic      | 4 |  4.2
Spellcasting   | 5 |  5.7
Translocations | 3 |  3.8
Stealth        | |  1.5
Poison Magic   | |  2.9

Action                   |  1- 3 |  4- 6 |  7- 9 | 10-12 | 13-15 | 16-18 || total
-------------------------+-------+-------+-------+-------+-------+-------++-------
Melee: Club              |    74 |       |       |       |       |       ||    74
       Unarmed           |     6 |    12 |       |       |       |       ||    18
       Headbutt          |    10 |    25 |    75 |   178 |   470 |   149 ||   907
       Falchion          |     1 |   142 |   349 |       |       |       ||   492
       Scimitar          |       |       |    33 |       |       |       ||    33
       Long sword        |       |       |   154 |   798 |   856 |       ||  1808
       Punch             |       |       |       |     6 |     7 |       ||    13
       Hand axe          |       |       |       |    47 |    42 |       ||    89
       Great sword       |       |       |       |       |   745 |   449 ||  1194
       Triple sword      |       |       |       |       |       |   101 ||   101
 Fire: Blowgun           |       |       |    16 |       |       |       ||    16
Throw: Tomahawk          |       |       |     2 |       |       |       ||     2
 Cast: Sting             |     7 |    14 |       |       |       |       ||    21
       Repel Missiles    |       |       |       |       |       |     3 ||     3
Invok: Heroism           |       |       |     2 |     9 |    11 |     5 ||    27
       Finesse           |       |       |       |       |     5 |     1 ||     6
Evoke: Wand              |       |       |       |    20 |     1 |       ||    21
  Use: Scroll            |       |       |     8 |    22 |    20 |     8 ||    58
       Potion            |       |       |       |     6 |     7 |     4 ||    17
 Stab: Distracted        |       |     1 |       |       |     1 |     1 ||     3
       Sleeping          |       |       |       |       |     3 |     9 ||    12
       Petrified         |       |       |       |       |     2 |       ||     2
  Eat: Chunk             |     1 |     9 |    21 |    24 |    32 |     4 ||    91
       Royal jelly       |       |       |     1 |       |     3 |     5 ||     9
       Pizza             |       |       |       |     8 |     3 |       ||    11
       Beef jerky        |       |       |       |     2 |     5 |     4 ||    11
       Fruit             |       |       |       |       |     1 |       ||     1
Armor: Robe              |     8 |       |       |       |       |       ||     8
       Ring mail         |    14 |    80 |   225 |    73 |       |       ||   392
       Scale mail        |       |       |       |   462 |   409 |       ||   871
       Crystal plate arm |       |       |       |       |   317 |       ||   317
       Troll leather arm |       |       |       |       |    61 |   174 ||   235
Dodge: Dodged            |    60 |   122 |   342 |   497 |  1055 |   503 ||  2579
       Deflected         |       |       |       |       |       |     7 ||     7
       Rpst.: Falchion   |       |    28 |    64 |       |       |       ||    92
       Long sword        |       |       |    19 |    95 |   114 |       ||   228
       Scimitar          |       |       |     2 |       |       |       ||     2
       Great sword       |       |       |       |       |   119 |    74 ||   193
       Triple sword      |       |       |       |       |       |    22 ||    22
